 Dungeon Crawl Stone Soup version 0.29-a0-993-g4a18f31a58 (webtiles) character file.

Game seed: 6185482501294354336

1127 Newt the Charlatan (level 8, -4/46 HPs)
             Began as a Kobold Artificer on Aug 2, 2022.
             Was an Initiate of Kikubaaqudgha.
             Slain by Menkaure (13 damage)
             ... on level 7 of the Dungeon.
             The game lasted 00:14:17 (7040 turns).

Newt the Charlatan (Kobold Artificer)               Turns: 7040, Time: 00:14:18

Health: -4/46      AC: 10    Str: 11    XL:     8   Next: 61%
Magic:  12/12      EV:  8    Int: 24    God:    Kikubaaqudgha [......]
Gold:   281        SH:  0    Dex: 16    Spells: 12/12 levels left

rFire   . . .      SeeInvis .   e - staff of death
rCold   . . .      Faith    .   (shield currently unavailable)
rNeg    + . .      Spirit   .   h - +0 chain mail
rPois   .          Reflect  .   (no helmet)
rElec   .          Harm     .   (no cloak)
rCorr   .          Rampage  .   (no gloves)
Will    .....                   f - +0 pair of boots
Stlth   ..........              (no amulet)
HPRegen 0.15/turn               l - +6 ring of intelligence
MPRegen 0.13/turn               n - +6 ring of intelligence

@: no status effects
A: small, no large weapons, nightstalker 3
a: Renounce Religion


You were on level 7 of the Dungeon.
You worshipped Kikubaaqudgha.
Kikubaaqudgha was noncommittal.
You visited 2 branches of the dungeon, and saw 8 of its levels.

You collected 281 gold pieces.

Inventory:

Hand Weapons
 a - a +0 club
 q - the +5 short sword of Motis {vamp, rElec Stlth+}
   (You found it on level 7 of the Dungeon)

   It occasionally heals its wielder for a portion of the damage dealt when it
   wounds a living foe.
   rElec:     It insulates you from electricity.
   Stlth:     It makes you more stealthy.
Armour
 b - a +0 leather armour
 f - a +0 pair of boots (worn)
 h - a +0 chain mail (worn)
Magical Staves
 e - a staff of death (weapon)
Jewellery
 c - an amulet of reflection
 l - a +6 ring of intelligence (left hand)
 n - a +6 ring of intelligence (right hand)
 p - a ring of wizardry
 s - a +6 ring of intelligence
Wands
 d - a wand of charming (7)
 g - a wand of digging (8)
Scrolls
 m - a scroll of teleportation
 o - 5 scrolls of identify
Potions
 j - a potion of flight
 k - a potion of resistance
 r - a potion of heal wounds {unknown}


   Skills:
 + Level 3.1 Fighting
 - Level 2.5(2.7) Maces & Flails
 * Level 1.0(1.9) Staves
 + Level 4.0 Armour
 + Level 4.2 Dodging
 - Level 1.5 Stealth
 * Level 2.7 Spellcasting
 * Level 2.9 Hexes
 * Level 1.0 Necromancy
 + Level 6.1 Evocations


You had 12 spell levels left.
You didn't know any spells.
Your spell library contained the following spells:

 Spells                   Type           Power      Damage    Failure   Level
 Confusing Touch          Hex            17%        N/A       99%         3
 Yara's Violent Unravell  Hex/Tmut       5%         3d4       100%        5
 Enfeeble                 Hex            8%         N/A       100%        7


Dungeon Overview and Level Annotations

Branches:
Dungeon (7/15)             Temple (1/1) D:7

Altars:
Ashenzari
Dithmenos
Fedhas
Gozag
Kikubaaqudgha
Makhleb
Okawaru
Qazlal
Ru
Trog
Vehumet
Wu Jian
Xom
Yredelemnul

Annotations:
D:7 Menkaure


Innate Abilities, Weirdness & Mutations

You are small and have problems with some larger weapons.
You are completely attuned to the shadows.


Message History

The shadow imp is moderately wounded.
The shadow imp closely misses you.
You hit the shadow imp.
The shadow imp is heavily wounded.
The shadow imp barely misses you.
You hit the shadow imp.
You kill the shadow imp!
Kikubaaqudgha accepts your kill.
Your Armour skill increases to level 4!
No target in view!
Found a sling.
Menkaure, Prince of Dust comes into view.
Found a scroll labelled IDUN YMPUSK.
Menkaure shouts!
You see here an emerald potion.
r - an emerald potion Hit: e) staff of death
Press: ? - help, Dir - move target, f - you
Okay, then.
Aiming: Mindburst
Press: ? - help, Q - select action, (/) - cycle Shift-Dir - straight line, f - Menkaure
Aim: Menkaure (chance to affect: 84%) Menkaure's mind is blasted!!
The now-empty wand crumbles to dust.
Menkaure hits you!
You closely miss Menkaure.
Menkaure is almost destroyed.
Menkaure gestures at you while chanting.
Pain shoots through your body!
You hit Menkaure but do no damage.
Menkaure is almost destroyed.
Menkaure hits you!
You hit Menkaure but do no damage.
Menkaure is almost destroyed.
Menkaure hits you!
* * * LOW HITPOINT WARNING * * *
You hit Menkaure but do no damage.
Menkaure is almost destroyed.
Menkaure hits you!
You die...
Kikubaaqudgha rasps: "You have failed me!
Welcome... death!"

.......#. ........?.
......... .......M#.#
.......@....
....).......
...#........
............
..........
##....................
#.......##<........#..
#.......#.........##..
#.#...............#..#
#.#............#.##..#


You could see Menkaure.

Vanquished Creatures
  A black bear (D:7)
  An ice beast (D:7)
  A sky beast (Temple)
  An ogre (D:5)
  A phantom (D:4)
  Blork the orc (D:5)
  2 scorpions (D:5)
  A howler monkey (D:5)
  A human zombie (D:4)
  3 hounds (D:5)
  2 jellies (D:5)
  An orc priest (D:4)
  2 iguanas
  Natasha (twice) (D:2)
  An orc wizard (D:5)
  2 gnolls
  4 adders
  A shadow imp (D:7)
  2 dart slugs
  10 orcs
  4 ball pythons
  An endoplasm (D:2)
  3 giant cockroaches
  4 goblins
  4 jackals (D:2)
  A quokka (D:3)
  2 frilled lizards (D:2)
  5 kobolds
  5 rats
69 creatures vanquished.

Vanquished Creatures (collateral kills)
  A worm (D:5)
  2 orcs (D:4)
3 creatures vanquished.

Vanquished Creatures (others)
  A hound (D:5)
  A jelly (D:7)
  An orc wizard (D:4)
  3 orcs
6 creatures vanquished.

Grand Total: 78 creatures vanquished

Notes
Turn   | Place    | Note
-------+----------+-------------------------------------------
     0 | D:1      | Newt the Kobold Artificer began the quest for the Orb.
     0 | D:1      | Reached XP level 1. HP: 12/12 MP: 1/1
     9 | D:1      | You fall into a shaft and drop 1 floor!
    80 | D:2      | Noticed Natasha
    81 | D:2      | Killed Natasha
    82 | D:2      | Reached skill level 4 in Evocations
    82 | D:2      | Reached XP level 2. HP: 16/16 MP: 2/2
    82 | D:2      | Reached XP level 3. HP: 20/20 MP: 3/3
   353 | D:2      | Reached XP level 4. HP: 25/25 MP: 4/4
   539 | D:2      | Reached skill level 5 in Evocations
   736 | D:2      | Noticed Natasha
   737 | D:2      | Killed Natasha
   738 | D:2      | Reached skill level 1 in Armour
  1008 | D:3      | Found a broken altar of Ashenzari.
  1173 | D:3      | Reached XP level 5. HP: 29/29 MP: 5/5
  1757 | D:4      | Reached skill level 1 in Maces & Flails
  2064 | D:4      | Noticed a phantom
  2066 | D:4      | Killed a phantom
  2067 | D:4      | Reached XP level 6. HP: 35/35 MP: 6/6
  2743 | D:4      | Reached skill level 1 in Spellcasting
  2743 | D:4      | Reached skill level 1 in Hexes
  3090 | D:5      | Entered Level 5 of the Dungeon
  3710 | D:5      | Found a blossoming altar of Fedhas.
  3712 | D:5      | Found an opulent altar of Gozag.
  3727 | D:5      | Found a radiant altar of Vehumet.
  3729 | D:5      | Found a sacrificial altar of Ru.
  3749 | D:5      | Found a basalt altar of Yredelemnul.
  3932 | D:5      | Reached XP level 7. HP: 28/40 MP: 8/8
  4069 | D:5      | Noticed Blork the orc
  4072 | D:5      | Killed Blork the orc
  4839 | D:5      | Reached skill level 6 in Evocations
  4839 | D:5      | Reached XP level 8. HP: 20/45 MP: 11/11
  5074 | D:5      | Found a shimmering altar of Xom.
  5074 | D:5      | Found a sparkling altar of Nemelex Xobeh.
  5074 | D:5      | Found a burning altar of Makhleb.
  5078 | D:5      | Found a radiant altar of Vehumet.
  5078 | D:5      | Found a radiant altar of Vehumet.
  5241 | D:5      | Found a stormy altar of Qazlal.
  6096 | D:7      | Found a staircase to the Ecumenical Temple.
  6116 | Temple   | Entered the Ecumenical Temple
  6408 | Temple   | Became a worshipper of Kikubaaqudgha
  6665 | D:7      | Reached skill level 1 in Staves
  6665 | D:7      | Reached skill level 1 in Necromancy
  6993 | D:7      | Identified the +5 short sword of Motis {vamp, rElec Stlth+}
  7033 | D:7      | Noticed Menkaure
  7040 | D:7      | Slain by Menkaure

Illustrated notes

Levels and vault maps discovered:
D:1:      minmay_arrival_semitransparent, layout_loops_ring
D:2:      layout_rooms, minmay_curled_crystal, uniq_natasha
D:3:      layout_basic, mainiacjoe_overflow_chevrons
D:4:      layout_rooms, enter_ossuary_3
D:5:      layout_loops_cross, doesnt_xom_only_xom,
          nicolae_overflow_quartered_altars, kennysheep_mini, uniq_blork_the_orc
D:6:      layout_rooms, serial_shops, nicolae_diamond_shop,
          gammafunk_ghost_necromancy, sigmund_edmund_badplayer
D:7:      layout_cave_pools, cheibrodos_worm_habitat,
          eat_drink_and_be_merry_uskayaw, minmay_temple_entry_statues_pillars,
          nicolae_fountain_basement, uniq_menkaure
Temple:   nicolae_temple_great_sept

Skill      XL: |  1  2  3  4  5  6  7  8 |
---------------+-------------------------+-----
Evocations     | 4 5 6 |  6.1
Dodging        | 3 4 |  4.2
Armour         | 1 2 3 4 |  4.0
Maces & Flails | 1 2 |  2.5
Fighting       | 2 3 |  3.1
Spellcasting   | 1 2 |  2.7
Hexes          | 1 2 |  2.9
Staves         | 1 |  1.0
Necromancy     | 1 |  1.0
Stealth        | |  1.5

Action                   |  1- 3 |  4- 6 |  7- 9 || total
-------------------------+-------+-------+-------++-------
Melee: Club              |    30 |   201 |    83 ||   314
       Punch             |       |     2 |     1 ||     3
       Staff             |       |       |    89 ||    89
Evoke: Wand              |     4 |    27 |    18 ||    49
  Use: Scroll            |       |    11 |     1 ||    12
       Potion            |       |     3 |       ||     3
Armor: Leather armour    |     7 |       |       ||     7
       Chain mail        |       |   126 |   135 ||   261
Dodge: Dodged            |    39 |    70 |   107 ||   216

Table legend: (Time is in decaauts)
 A = Elapsed time spent in this place.
 B = Non-inter-level travel time spent in this place.
 C = Inter-level travel time spent in this place.
 D = Time resting spent in this place.
 E = Time spent auto-exploring this place.
 F = Levels seen in this place.
 G = Mean time per level.
                   A        B        C        D        E       F      G
               +--------+--------+--------+--------+--------+-----+--------+
         Total |   7125 |   7012 |    113 |   2940 |   3041 |   8 |  890.6 |
       Dungeon |   6823 |   6718 |    105 |   2940 |   2783 |   7 |  974.7 |
        Temple |    301 |    293 |      8 |      0 |    258 |   1 |  301.0 |
               +--------+--------+--------+--------+--------+-----+--------+

Top non-repeatable levels by time:
     D:5: 2518 daAuts
     D:4: 1479 daAuts
     D:7: 1056 daAuts
     D:3: 886 daAuts
     D:2: 765 daAuts
  Temple: 301 daAuts
     D:6: 107 daAuts
     D:1: 9 daAuts
